 Dungeon Crawl Stone Soup version 0.19.5 (webtiles) character file.

9276 theAP the Basher (level 11, -14/82 HPs)
             Began as a Formicid Fighter on Apr 8, 2017.
             Was an Elder of Nemelex Xobeh.
             Killed by a card of wild magic (26 damage)
             ... on level 11 of the Dungeon.
             The game lasted 00:21:08 (11467 turns).

theAP the Basher (Formicid Fighter)                Turns: 11467, Time: 00:21:10

Health: -14/82     AC: 11    Str: 24    XL:     11   Next: 71%
Magic:  17/17      EV:  6    Int: 10    God:    Nemelex Xobeh [****..]
Gold:   544        SH: 14    Dex: 12    Spells: 0 memorised, 10 levels left

rFire  . . .     SeeInvis +     a - +1 flail
rCold  + . .     Gourm    .     e - +0 chain mail
rNeg   . . .     Faith    .     c - +0 shield
rPois  .         Spirit   .     (helmet unavailable)
rElec  .         Reflect  .     y - +0 cloak {+Inv}
rCorr  +         Harm     .     (no gloves)
MR     +....                    Q - +0 pair of boots
Stlth  ..........               q - amulet of rage
                                (no ring)
                                o - ring of resist corrosion

@: no status effects
A: permanent stasis, dig shafts and tunnels, four strong arms, antennae 3, large
bone plates 1, agile 1, blurry vision 1, cold resistance 1, frail 1, strong 1,
MP-powered wands
a: Dig, Shaft Self, Triple Draw, Deal Four, Renounce Religion, Evoke
Invisibility


You were on level 11 of the Dungeon.
You worshipped Nemelex Xobeh.
Nemelex Xobeh was greatly pleased with you.
You were hungry.

You visited 2 branches of the dungeon, and saw 12 of its levels.
You also visited: Sewer.

You collected 544 gold pieces.

Inventory:

Hand Weapons
 a - a +1 flail (weapon)
 G - a +2 dire flail of protection
Armour
 c - a +0 shield (worn)
 e - a +0 chain mail (worn)
 y - a +0 cloak of invisibility (worn)
 Q - a +0 pair of boots (worn)
Jewellery
 o - a ring of resist corrosion (left hand)
 q - an amulet of rage (around neck)
 D - an uncursed ring of ice {unknown}
Wands
 s - a wand of lightning (6/15)
 z - a wand of slowing (47/48)
 I - a wand of lightning (11/15)
Scrolls
 h - a scroll of magic mapping
 k - 2 scrolls of random uselessness
 m - 2 scrolls of fear
 p - 2 scrolls of fog
 r - 4 scrolls of remove curse
 v - a scroll of enchant weapon
 x - 3 scrolls of amnesia
 A - 4 scrolls of identify
 H - a scroll of enchant armour {unknown}
 N - a scroll of holy word {unknown}
Potions
 d - 2 potions of might
 g - 2 potions of resistance
 i - 6 potions of lignification
 j - 3 potions of flight {unknown}
 l - a potion of beneficial mutation {unknown}
 t - 2 potions of berserk rage {unknown}
 w - 3 potions of brilliance {unknown}
 C - a potion of haste {unknown}
 E - a potion of magic {unknown}
 F - 2 potions of degeneration {unknown}
 P - a potion of cancellation {unknown}
Books
 J - a book of Maledictions

   Spells                             Type                      Level
   a - Corona                         Hexes                        1
   b - Ensorcelled Hibernation        Hexes/Ice                    2
   c - Confuse                        Hexes                        3
   d - Tukima's Dance                 Hexes                        3
   e - Dazzling Spray                 Conjuration/Hexes            3
Miscellaneous
 b - a plain deck of escape
 n - a plain deck of destruction
 B - a plain deck of destruction {drawn: 1}
 K - an ornate deck of destruction {drawn: 2}
 L - a plain deck of destruction
 M - a plain deck of summoning
 O - an ornate deck of destruction
Comestibles
 f - 10 bread rations
 u - 8 meat rations


   Skills:
 + Level 10.5 Fighting
 * Level 12.7 Maces & Flails
 - Level 3.4 Armour
 - Level 3.8 Shields
 + Level 9.1 Invocations


You had 10 spell levels left.
You didn't know any spells.

Dungeon Overview and Level Annotations

Branches:
Dungeon (11/15)            Temple (1/1) D:4
   Lair: D:8-11         Orc: D:9-12

Altars:
Ashenzari
Cheibriados
Fedhas
Gozag
Hepliaklqana
Kikubaaqudgha
Nemelex Xobeh
Ru
Uskayaw
Vehumet
Xom
Yredelemnul
Zin
The Shining One

Shops:
D:5 }


Innate Abilities, Weirdness & Mutations

You are under a permanent stasis effect.
You can dig through walls and to a lower floor.
Your four strong arms can wield two-handed weapons with a shield.
You have a pair of large antennae on your head. (SInv)
You are partially covered in large bone plates. (SH +4)
You are agile. (Dex +2)
Scrolls take you a little longer to read.
Your flesh is cold resistant. (rC+)
You are frail. (-10% HP)
Your muscles are strong. (Str +2)
You expend magic power (3 MP) to strengthen your wands.


Message History

The centaur shoots an arrow.
The arrow hits you!
* * * LOW HITPOINT WARNING * * *
The centaur shoots an arrow.
The arrow hits you but does no damage.
The centaur wields a shortbow.
The centaur shoots an arrow.
The arrow hits you!
* * * LOW HITPOINT WARNING * * *
You see here 3 arrows.
Evoke which item? (* to show all) (? for menu, Esc to quit)
You draw a card...
It is Wild Magic.
There is a sudden and violent explosion of flames!
The fireball engulfs the centaur.
The centaur dies!
The fireball engulfs the centaur.
The centaur dies!
The fireball engulfs the centaur.
The centaur dies!
The fireball engulfs the centaur.
The centaur dies!
The fireball engulfs you!
You die...
Your body glows with a rainbow of weird colours and disappears.

...###.. .#####.....####
... #.. .#####.........
...###.. .#####.........
....... .#####.........
........
.#####.)................
......)))...............
........................
.......@# #.............
.......(# #.............
.......(###.............
...?....................
........................
.[....(...........#..†..
.................###....
................## ##...
..#............## ##..


There were no monsters in sight!

Vanquished Creatures
  The ghost of stuartdbuchanan the Basher, a novice MiFi of the Shining One (D:6)
  A hill giant (D:11)
  A merfolk (D:9)
  2 two-headed ogres (D:8)
  A meliai zombie (D:9)
  Prince Ribbit (D:7)
  2 hippogriffs
  Sigmund (D:6)
  A wraith (D:10)
  A shadow (D:11)
  2 yaks (D:9)
  A hungry ghost (D:9)
  The ghost of zacpavey the Skirmisher, an amateur DsAK of Lugonu (Sewer)
  The ghost of spiff the Slasher, an amateur HEFi (D:3)
  A water moccasin (D:8)
  Duvessa (D:7)
  An ice beast (D:6)
  3 sky beasts
  2 orc warriors
  A necrophage (D:10)
  2 phantoms
  An ogre (D:10)
  A crocodile (D:9)
  8 centaurs
  A big kobold (D:7)
  11 bullfrogs
  A gnoll sergeant (D:8)
  A wyvern skeleton (D:10)
  Dowan (D:7)
  A scorpion (D:4)
  5 killer bees (D:9)
  4 wights (D:10)
  4 howler monkeys
  3 bullfrog zombies
  6 crimson imps
  2 hounds
  A bullfrog skeleton (D:10)
  An orc priest (D:10)
  2 jellies
  Crazy Yiuf (D:7)
  12 worker ants
  7 orc wizards
  A killer bee zombie (D:9)
  A hound zombie (D:11)
  A worker ant zombie (D:6)
  3 howler monkey zombies
  A howler monkey skeleton (D:8)
  11 adders
  11 gnolls
  5 shadow imps
  2 adder skeletons
  An adder zombie (D:8)
  4 worms
  5 dart slugs
  8 leopard geckos
  34 orcs
  6 ball pythons
  9 giant cockroaches
  6 goblins
  8 hobgoblins
  6 kobolds
  6 quokkas
  A ball python zombie (D:5)
  6 bats
  10 frilled lizards
  10 rats
258 creatures vanquished.

Vanquished Creatures (collateral kills)
  A hill giant (D:10)
  4 yaks (D:9)
  An orc warrior (D:9)
  An orc priest (D:9)
  An adder (D:9)
  4 orcs
12 creatures vanquished.

Vanquished Creatures (others)
  4 centaurs (D:11)
4 creatures vanquished.

Grand Total: 274 creatures vanquished

Notes
Turn   | Place    | Note
-------+----------+-------------------------------------------
     0 | D:1      | theAP the Formicid Fighter began the quest for the Orb.
     0 | D:1      | Reached XP level 1. HP: 18/18 MP: 1/1
   108 | D:1      | Reached XP level 2. HP: 24/24 MP: 2/2
   453 | D:1      | Reached XP level 3. HP: 29/29 MP: 3/3
   569 | D:2      | Reached skill level 3 in Maces & Flails
   784 | D:2      | Reached XP level 4. HP: 26/37 MP: 4/4
   971 | D:2      | Found a hide-covered altar of Uskayaw.
  1246 | D:3      | Reached XP level 5. HP: 36/42 MP: 5/5
  1321 | D:3      | Noticed spiff's ghost (amateur HEFi)
  1345 | D:3      | Killed spiff's ghost
  1345 | D:3      | Reached skill level 4 in Maces & Flails
  1345 | D:3      | Reached XP level 6. HP: 23/50 MP: 6/6
  1829 | D:3      | Reached skill level 5 in Fighting
  1911 | D:3      | Reached skill level 5 in Maces & Flails
  2175 | D:4      | Reached XP level 7. HP: 52/56 MP: 7/7
  2280 | D:4      | Found a staircase to the Ecumenical Temple.
  2376 | D:4      | Found a glowing drain.
  2401 | Sewer    | Entered a sewer
  2401 | Sewer    | Noticed zacpavey's ghost (amateur DsAK)
  2419 | Sewer    | Killed zacpavey's ghost
  2419 | Sewer    | Reached skill level 6 in Maces & Flails
  3119 | Temple   | Entered the Ecumenical Temple
  3209 | Temple   | Became a worshipper of Nemelex Xobeh the Trickster
  3274 | D:5      | Entered Level 5 of the Dungeon
  3387 | D:5      | Received a gift from Nemelex Xobeh
  3414 | D:5      | Reached skill level 1 in Invocations
  3414 | D:5      | Reached XP level 8. HP: 36/64 MP: 8/8
  3418 | D:5      | Gained mutation: You are agile. (Dex +2) [mutagenic meat]
  3419 | D:5      | Gained mutation: You are partially covered in large bone plates. (SH +4) [mutagenic meat]
  3420 | D:5      | Gained mutation: Scrolls take you a little longer to read. [mutagenic meat]
  3503 | D:5      | Reached skill level 7 in Maces & Flails
  3648 | D:5      | Found Ucuuq's Gadget Emporium.
  4095 | D:6      | Noticed stuartdbuchanan's ghost (novice MiFi)
  4123 | D:6      | Killed stuartdbuchanan's ghost
  4123 | D:6      | Reached skill level 8 in Maces & Flails
  4123 | D:6      | Reached XP level 9. HP: 23/72 MP: 10/12
  4583 | D:6      | Noticed Sigmund
  4596 | D:6      | Killed Sigmund
  4626 | D:6      | Reached skill level 5 in Invocations
  4739 | D:6      | Reached * piety under Nemelex Xobeh
  4764 | D:6      | Found a hazy altar of Hepliaklqana.
  4848 | D:6      | Reached skill level 9 in Maces & Flails
  4890 | D:6      | Found a glowing golden altar of the Shining One.
  5170 | D:7      | Noticed Dowan
  5171 | D:7      | Noticed Duvessa
  5177 | D:7      | Killed Dowan
  5205 | D:7      | Killed Duvessa
  5519 | D:7      | Noticed Prince Ribbit
  5524 | D:7      | Killed Prince Ribbit
  5789 | D:7      | Found a runed door.
  5942 | D:7      | Reached XP level 10. HP: 70/80 MP: 14/14
  6124 | D:7      | Noticed Crazy Yiuf
  6132 | D:7      | Killed Crazy Yiuf
  6218 | D:8      | Gained mutation: Your flesh is cold resistant. (rC+) [mutagenic meat]
  6219 | D:8      | Gained mutation: You are frail. (-10% HP) [mutagenic meat]
  6223 | D:8      | Reached ** piety under Nemelex Xobeh
  6277 | D:8      | Received a gift from Nemelex Xobeh
  6342 | D:8      | Reached skill level 10 in Maces & Flails
  6887 | D:8      | You fall through a shaft!
  7195 | D:8      | Found a sacrificial altar of Ru.
  7322 | D:8      | Found a shimmering altar of Xom.
  7324 | D:8      | Found a radiant altar of Vehumet.
  7548 | D:8      | Received a gift from Nemelex Xobeh
  7686 | D:9      | Reached skill level 11 in Maces & Flails
  7940 | D:9      | Found a sacrificial altar of Ru.
  8113 | D:9      | Reached *** piety under Nemelex Xobeh
  8434 | D:9      | Received a gift from Nemelex Xobeh
  8469 | D:9      | Reached XP level 11. HP: 35/80 MP: 16/16
  9156 | D:9      | Found a glowing silver altar of Zin.
  9156 | D:9      | Found a snail-covered altar of Cheibriados.
  9157 | D:9      | Found a hazy altar of Hepliaklqana.
  9528 | D:10     | Entered Level 10 of the Dungeon
  9925 | D:10     | Received a gift from Nemelex Xobeh
  9957 | D:10     | Reached skill level 12 in Maces & Flails
 10045 | D:10     | Reached skill level 10 in Fighting
 10074 | D:10     | Noticed a hill giant
 10093 | D:10     | Killed a hill giant
 10188 | D:10     | Gained mutation: You expend magic power (3 MP) to strengthen your wands. [mutagenic meat]
 10189 | D:10     | Gained mutation: You are very frail. (-20% HP) [mutagenic meat]
 10190 | D:10     | Gained mutation: Your mind is acute. (Int +2) [mutagenic meat]
 10191 | D:10     | Lost mutation: You are very frail. (-20% HP) [mutagenic meat]
 10192 | D:10     | Gained mutation: Your muscles are strong. (Str +2) [mutagenic meat]
 10193 | D:10     | Lost mutation: Your mind is acute. (Int +2) [mutagenic meat]
 10562 | D:10     | Received a gift from Nemelex Xobeh
 10915 | D:10     | Received a gift from Nemelex Xobeh
 11109 | D:11     | Reached **** piety under Nemelex Xobeh
 11373 | D:11     | Noticed a hill giant
 11384 | D:11     | Killed a hill giant
 11437 | D:11     | Received a gift from Nemelex Xobeh
 11467 | D:11     | Killed by a card of wild magic

Skill      XL: |  1  2  3  4  5  6  7  8  9 10 11 |
---------------+----------------------------------+-----
Maces & Flails | 3 4 5 6 8 9 11 12 | 12.7
Fighting       | 4 5 6 7 8 9 10 | 10.5
Invocations    | 1 4 6 7 9 |  9.1
Armour         | |  3.4
Shields        | |  3.8

Action                   |  1- 3 |  4- 6 |  7- 9 | 10-12 || total
-------------------------+-------+-------+-------+-------++-------
Melee: Flail             |    97 |   195 |   417 |   560 ||  1269
Evoke: Deck              |       |       |     1 |     5 ||     6
  Use: Scroll            |       |       |    14 |       ||    14
       Potion            |       |       |     2 |     1 ||     3
 Stab: Paralysed         |       |       |       |     4 ||     4
  Eat: Chunk             |       |     4 |    14 |    17 ||    35
       Meat ration       |       |       |     1 |       ||     1
       Fruit             |       |       |       |     5 ||     5
       Beef jerky        |       |       |       |     3 ||     3
       Pizza             |       |       |       |     1 ||     1
Armor: Chain mail        |    47 |   107 |   152 |   182 ||   488
Dodge: Dodged            |    30 |    58 |    87 |   106 ||   281
Block: Shield            |    52 |   107 |   273 |   444 ||   876
